 Dungeon Crawl Stone Soup version 0.19-a0-1712-gff403d4 (webtiles) character file.

8 Flanowski the Insei (level 2, -1/14 HPs)
             Began as a Vine Stalker Transmuter on Sept 28, 2016.
             Slain by a gnoll
             ... wielding a +0 whip
              (5 damage)
             ... on level 1 of the Dungeon.
             The game lasted 00:00:40 (170 turns).

Flanowski the Insei (Vine Stalker Transmuter)        Turns: 170, Time: 00:00:41

Health: -1/14      AC:  3    Str: 12    XL:     2   Next: 8%
Magic:  0/6        EV: 12    Int: 13    God:
Gold:   22         SH:  0    Dex: 14    Spells: 1 memorised, 4 levels left

rFire  . . .     SeeInvis .     h - -3 mace (curse)
rCold  . . .     Gourm    .     b - +0 robe
rNeg   . . .     Faith    .     (no shield)
rPois  .         Spirit   +     (no helmet)
rElec  .         Dismiss  .     (no cloak)
rCorr  .         Reflect  .     (no gloves)
MR     .....     Harm     .     (boots currently unavailable)
Stlth  +.........               (no amulet)
                                (no ring)
                                (no ring)

@: appendage (expiring)
A: fangs 2, talons 3, magic shield, antimagic bite, no device heal 3, rot
immunity
a: End Transformation


You were on level 1 of the Dungeon.
You were not hungry.
You had grown temporary talons.
You visited 1 branch of the dungeon, and saw 1 of its levels.

You collected 22 gold pieces.

Inventory:

Hand Weapons
 h - a cursed -3 mace (weapon)
Missiles
 a - 12 arrows
Armour
 b - a +0 robe (worn)
Scrolls
 e - a scroll of identify {unknown}
 i - a scroll of teleportation {unknown}
Books
 c - a book of Changes

   Spells                             Type                      Level
   a - Beastly Appendage              Transmutation                1
   b - Sticks to Snakes               Transmutation                2
   c - Spider Form                    Transmutation/Poison         3
   d - Ice Form                       Ice/Transmutation            4
   e - Blade Hands                    Transmutation                5
Comestibles
 d - a bread ration
 f - 2 fruits
 g - 5 chunks of flesh


   Skills:
 + Level 0.8 Fighting
 + Level 1.7 Dodging
 + Level 3.3 Unarmed Combat
 + Level 2.1 Spellcasting
 * Level 2.2 Transmutations


You had 4 spell levels left.
You knew the following spells:

 Your Spells              Type           Power        Failure   Level  Hunger
a - Beastly Appendage     Tmut           #.....       12%         1    ##.....


Dungeon Overview and Level Annotations

Branches:
Dungeon (1/15)

Altars:


Innate Abilities, Weirdness & Mutations

You have extremely sharp teeth.
When hurt, damage is shared between your health and your magic reserves.
Your bite disrupts and absorbs the magic of your enemies.
Potions and wands cannot restore your health.
You are immune to rotting.
You have claws for feet.


Message History

* * * LOW HITPOINT WARNING * * *
You are too injured to fight recklessly!
You are too injured to fight recklessly!
You are too injured to fight recklessly!
You see here 22 stones.
Your talons disappear.
Casting: Beastly Appendage
Confirm with . or Enter, or press ? or * to list all spells.
Your feet morph into talons.
The gnoll closely misses you.
You barely miss the gnoll.
The gnoll is lightly wounded.
The gnoll barely misses you.
You hit the gnoll. Your kick misses the gnoll.
The gnoll is moderately wounded.
Your transformation is almost over.
The gnoll barely misses you.
You hit the gnoll. Your bite misses the gnoll.
The gnoll is heavily wounded.
The gnoll misses you. The gnoll hits you with a whip!
You die...

.....#.....#
#.......<....##
####.#.....#
#####.......## #.#.....#
#.P...P.# #.########
#......##
#........########..#####
########........##.#
######.....######.##.#
#.........#######.##.#
##.#.#.#.#.#...g@.....#
#......(...#.#####.####
...#.#.#.#...# #.#
#...........## #.#
##.#.#.#.#..# #.#
............# #.#
##.#.#.#.#.#######.#
#.................#
###################


You could see a gnoll.

Vanquished Creatures
  A dart slug (D:1)
  3 jackals (D:1)
  A kobold (D:1)
5 creatures vanquished.

Notes
Turn   | Place    | Note
-------+----------+-------------------------------------------
     0 | D:1      | Flanowski the Vine Stalker Transmuter began the quest for the Orb.
     0 | D:1      | Reached XP level 1. HP: 9/9 MP: 4/4
    72 | D:1      | Reached XP level 2. HP: 7/14 MP: 4/6
   170 | D:1      | Slain by a gnoll

Vault maps used:
D:1:      dpeg_arrival_orchard, serial_co_window_serial, co_window_corner_a,
          co_window_paths_b, co_window_paths_a, co_window_paths_b,
          co_window_corner_a, co_window_broadway_c, co_window_broadway_a,
          co_window_broadway_c, co_window_unsneaky_path_a, glass_columns_a,
          glass_columns_c, glass_columns_c

Action                   || total
-------------------------++-------
Melee: Unarmed           ||    27
       Bite              ||    10
       Kick              ||     8
       Punch             ||     1
       Mace              ||     7
 Cast: Beastly Appendage ||     4
Armor: Robe              ||     9
Dodge: Dodged            ||    22
